 Dungeon Crawl Stone Soup version 0.30-a0-322-g102857c98e (webtiles) character file.

Game seed: 8805815592043583885

130 funkygono the Firebug (level 5, 0/28 HPs)
             Began as a Gargoyle Fire Elementalist on Oct 27, 2022.
             Slain by an orc
             ... wielding a +0 dagger
              (3 damage)
             ... on level 3 of the Dungeon.
             The game lasted 00:03:55 (2997 turns).

funkygono the Firebug (Gargoyle Fire Elementalist)  Turns: 2997, Time: 00:03:55

Health: 0/28       AC:  6    Str: 11    XL:     5   Next: 13%
Magic:  0/10       EV: 11    Int: 18    God:
Gold:   163        SH:  0    Dex: 10    Spells: 5/11 levels left

rFire   . . .      SeeInvis .    b - +0 flail (holy)
rCold   . . .      Faith    .    (no shield)
rNeg    + . .      Spirit   .    a - +0 robe
rPois   ∞          Reflect  .    (no helmet)
rElec   +          Harm     .    (no cloak)
rCorr   +          Rampage  .    (no gloves)
Will    .....                    (no boots)
Stlth   ++........               (no amulet)
HPRegen 0.24/turn                i - ring of resist corrosion
MPRegen 0.12/turn                (no ring)

@: no status effects
A: sickness immunity, AC +4, negative energy resistance 1, electricity
resistance, torment resistance 1, petrification resistance
a: no special abilities


You were on level 3 of the Dungeon.
You visited 1 branch of the dungeon, and saw 3 of its levels.

You collected 163 gold pieces.

Inventory:

Hand Weapons
 b - a +0 flail of holy wrath (weapon)
 e - a +0 mace
 q - a +0 whip
Armour
 a - a +0 robe (worn)
 m - an orb of wrath
Jewellery
 g - a ring of ice
 i - a ring of resist corrosion (left hand)
Scrolls
 c - a scroll of torment {unknown}
 d - 5 scrolls of identify {unknown}
 f - a scroll of poison {unknown}
 h - 4 scrolls of immolation {unknown}
 j - a scroll of amnesia {unknown}
 o - a scroll of enchant weapon {unknown}
 p - a scroll of enchant armour {unknown}
Potions
 k - a potion of flight {unknown}
 l - 2 potions of berserk rage {unknown}
 n - a potion of degeneration {unknown}
 r - a potion of brilliance {unknown}
 s - a potion of haste {unknown}
 t - a potion of attraction {unknown}
 u - a potion of curing {unknown}


   Skills:
 + Level 0.1 Maces & Flails
 + Level 1.5 Dodging
 + Level 2.3 Stealth
 * Level 3.7 Spellcasting
 * Level 1.5 Conjurations
 * Level 4.1 Fire Magic


You had 5 spell levels left.
You knew the following spells:

 Your Spells              Type           Power      Damage    Failure   Level
a - Foxfire               Conj/Fire      52%        2x1d6     4%          1
b - Scorch                Fire           36%        2d6       4%          2
c - Kindle Blastsparks    Fire/Tloc/Air  16%        2d11      26%         3

Your spell library contained the following spells:

 Spells                   Type           Power      Damage    Failure   Level
 Necrotise                Necr           12%        1d4       16%         1
 Inner Flame              Hex/Fire       10%        N/A       19%         3
 Vampiric Draining        Necr           3%         2d6       41%         3
 Flame Wave               Conj/Fire      13%        2d6       43%         4
 Agony                    Necr           3%         N/A       99%         5


Dungeon Overview and Level Annotations

Branches:
Dungeon (3/15)

Altars:
Nemelex Xobeh

Shops:
D:1 :

Portals:
Abyss: D:3

Annotations:
D:3 2 transporters, Lanoc's ghost, amateur DsGl


Innate Abilities, Weirdness & Mutations

You are immune to sickness and miasma.
Your stone body is resilient. (AC +4)
You are immune to poison.
You resist negative energy. (rN+)
You are resistant to electric shocks. (rElec)
You are resistant to unholy torment.
You are immune to petrification.


Message History

The foxfire hits the orc but does no damage.
The orc is heavily wounded.
Casting: Foxfire (safe; 4% risk of failure)
Confirm with . or Enter, or press ? or * to list all spells.
You conjure some foxfire!
Unknown command.
The foxfire hits the orc but does no damage.
The orc is heavily wounded.
The foxfire hits the orc.
The orc is heavily wounded.
Casting: Foxfire (safe; 4% risk of failure)
Confirm with . or Enter, or press ? or * to list all spells.
You don't have enough magic to cast this spell.
The orc hits you but does no damage.
You closely miss the orc.
The orc is heavily wounded.
The orc barely misses you. The orc hits you but does no damage.
You barely miss the orc.
The orc is heavily wounded.
The orc barely misses you. x2
You closely miss the orc.
The orc is heavily wounded.
The orc hits you with a +0 flail. The orc barely misses you.
The orc hits you with a +0 flail. The orc barely misses you.
Casting: Foxfire (safe; 4% risk of failure)
Confirm with . or Enter, or press ? or * to list all spells.
You conjure some foxfire!
The orc hits you with a +0 flail!
* * * LOW HITPOINT WARNING * * *
The orc hits you but does no damage.
Unknown command.
The orc attacks as you move away! The orc misses you.
The foxfire hits the orc but does no damage.
The orc is heavily wounded.
The foxfire hits the orc but does no damage.
The orc is heavily wounded.
The orc closely misses you. The orc attacks as you move away!
The orc hits you with a +0 flail.
* * * LOW HITPOINT WARNING * * *
The orc attacks as you move away! The orc hits you with a +0 dagger.
You die...

......
#.......##.#...........
......
#######.##.#...........
......
#......##.#...........
......
#.#######.############ #####
#.##....#.# ...
#.##.##.#.#.....
######.##......)..$...
#######......##.oo.#........
........########@#..........
.######........#.#..........
.'.............+............
.######........#............
.# #...)....###.#.#...... .#
#†....... ..#.#..... .#
#........ ###.# ### .#
#........ .# #........


You could see 2 orcs.

Vanquished Creatures
  An orc priest (D:3)
  An orc wizard (D:3)
  An adder (D:2)
  3 worms
  A dart slug (D:1)
  2 orcs (D:3)
  A ball python (D:1)
  5 endoplasms
  3 giant cockroaches
  5 goblins
  3 hobgoblins
  3 quokkas
  5 bats
  4 frilled lizards
  10 kobolds
  4 rats
52 creatures vanquished.

Vanquished Creatures (others)
  150 foxfires
150 creatures vanquished.

Grand Total: 202 creatures vanquished

Notes
Turn   | Place    | Note
-------+----------+-------------------------------------------
     0 | D:1      | funkygono the Gargoyle Fire Elementalist began the quest
                  | for the Orb.
     0 | D:1      | Reached XP level 1. HP: 10/10 MP: 3/3
   343 | D:1      | Reached XP level 2. HP: 15/15 MP: 1/5
   346 | D:1      | Learned a level 2 spell: Scorch
   521 | D:1      | You fall into a shaft and drop 1 floor!
  1051 | D:1      | Reached XP level 3. HP: 19/19 MP: 3/6
  1055 | D:1      | Learned a level 3 spell: Kindle Blastsparks
  1135 | D:1      | Found Dasumaxa's Book Boutique.
  2133 | D:2      | Reached XP level 4. HP: 24/24 MP: 3/8
  2154 | D:2      | Reached skill level 4 in Fire Magic
  2460 | D:3      | Found a transporter.
  2462 | D:3      | Found a transporter.
  2470 | D:3      | Noticed a small abomination
  2471 | D:3      | Noticed an ancient zyme
  2493 | D:3      | Found a one-way gate to the infinite horrors of the Abyss.
  2493 | D:3      | Noticed Lanoc's ghost (amateur DsGl)
  2550 | D:3      | HP: 1/24 [something/puff of flame (9)]
  2714 | D:3      | Found a sparkling altar of Nemelex Xobeh.
  2981 | D:3      | Reached XP level 5. HP: 28/28 MP: 4/10
  2997 | D:3      | Slain by an orc

Illustrated notes

Levels and vault maps discovered:
D:1:      heliophobic_arrival_ceremonial_halls, layout_loops_ring, serial_shops,
          shop, st_stairs_6, roderic_roman_lattice,
          chequers_serial_rivers_small_b, chequers_mini_garden
D:2:      layout_basic, kennysheep_generic_room_10
D:3:      layout_basic, nemelex_diamond_rough_becter,
          gammafunk_ghost_abyssal_escape, minivault_19

Skill      XL: |  1  2  3  4 |
---------------+-------------+-----
Fire Magic     | 4 |  4.1
Spellcasting   | 3 |  3.7
Maces & Flails | |  0.1
Dodging        | |  1.5
Stealth        | |  2.3
Conjurations   | |  1.5

Action                   |  1- 3 |  4- 6 || total
-------------------------+-------+-------++-------
Melee: Mace              |    12 |       ||    12
       Whip              |    12 |    28 ||    40
       Flail             |       |     4 ||     4
 Cast: Foxfire           |    54 |    32 ||    86
       Scorch            |     9 |     5 ||    14
  Use: Potion            |       |     1 ||     1
Armor: Robe              |    10 |    28 ||    38
Dodge: Dodged            |    25 |    17 ||    42

Table legend: (Time is in decaauts)
 A = Elapsed time spent in this place.
 B = Non-inter-level travel time spent in this place.
 C = Inter-level travel time spent in this place.
 D = Time resting spent in this place.
 E = Time spent auto-exploring this place.
 F = Levels seen in this place.
 G = Mean time per level.
                   A        B        C        D        E       F      G
               +--------+--------+--------+--------+--------+-----+--------+
         Total |   3004 |   2922 |     82 |     89 |   2421 |   3 | 1001.3 |
       Dungeon |   3004 |   2922 |     82 |     89 |   2421 |   3 | 1001.3 |
               +--------+--------+--------+--------+--------+-----+--------+

Top non-repeatable levels by time:
     D:1: 1239 daAuts
     D:2: 1142 daAuts
     D:3: 622 daAuts
